 Dungeon Crawl Stone Soup version 0.19.4-8-ga85b6b9 (console) character file.

67 sour the Bolt Thrower (level 4, 0/35 HPs)
             Began as a Centaur Arcane Marksman on Feb 11, 2017.
             Succumbed to an adder's poison
             ... on level 2 of the Dungeon.
             The game lasted 00:07:07 (1875 turns).

sour the Bolt Thrower (Centaur Arcane Marksman)     Turns: 1875, Time: 00:07:07

Health: 0/35       AC:  4    Str: 13    XL:     4   Next: 0%
Magic:  5/5        EV:  9    Int: 12    God:
Gold:   64         SH:  0    Dex: 10    Spells: 2 memorised, 2 levels left

rFire  . . .     SeeInvis .     r - +0 short sword
rCold  . . .     Gourm    .     k - +0 leather armour
rNeg   . . .     Faith    .     (no shield)
rPois  .         Spirit   .     (no helmet)
rElec  .         Reflect  .     (no cloak)
rCorr  .         Harm     .     (no gloves)
MR     .....                    (no barding)
Stlth  ..........               (no amulet)
                                (no ring)
                                (no ring)

@: lethally poisoned (0 -> -11), very quick
A: hooves 3, deformed body, speed 2, tough skin 3
a: no special abilities


You were on level 2 of the Dungeon.
You were not hungry.

You visited 1 branch of the dungeon, and saw 2 of its levels.

You collected 64 gold pieces.

Inventory:

Hand Weapons
 a - a +0 hand crossbow
 r - a +0 short sword (weapon)
Missiles
 d - 7 bolts
Armour
 e - a +0 robe
 k - a +0 leather armour (worn)
Jewellery
 s - an uncursed ring of protection from fire {unknown}
Scrolls
 m - a scroll of enchant armour {unknown}
 n - 2 scrolls of identify {unknown}
 p - 3 scrolls of recharging {unknown}
 q - a scroll of remove curse {unknown}
Potions
 b - a potion of berserk rage {unknown}
 g - 2 potions of agility {unknown}
 h - 3 potions of degeneration {unknown}
 j - a potion of curing {unknown}
 l - a potion of flight {unknown}
Books
 c - a book of Debilitation

   Spells                             Type                      Level
   a - Corona                         Hexes                        1
   b - Slow                           Hexes                        2
   c - Gell's Gravitas                Hexes/Translocation          3
   d - Inner Flame                    Hexes/Fire                   3
   e - Cause Fear                     Hexes                        4
   f - Leda's Liquefaction            Hexes/Earth                  4
Comestibles
 f - a bread ration
 i - 6 chunks of flesh
 o - a meat ration


   Skills:
 - Level 1.0 Fighting
 * Level 4.0 Crossbows
 - Level 1.3 Dodging
 - Level 1.0 Spellcasting
 + Level 3.3 Hexes


You had 2 spell levels left.
You knew the following spells:

 Your Spells              Type           Power        Failure   Level  Hunger
a - Corona                Hex            #......      12%         1    ##.....
b - Slow                  Hex            #.......     17%         2    ###....


Dungeon Overview and Level Annotations

Branches:
Dungeon (2/15)

Altars:
Ru


Innate Abilities, Weirdness & Mutations

You have hooves in place of feet.
Armour fits poorly on your strangely shaped body.
You cover ground very quickly.
You have extremely tough skin. (AC +3)


Message History

You feel sick. The adder barely misses you.
You barely miss the adder.
The adder is severely wounded.
The adder bites you.
* * * LOW HITPOINT WARNING * * *
The adder bites you.
* * * LOW HITPOINT WARNING * * *
You miss the adder.
The adder is severely wounded.
* * * LOW HITPOINT WARNING * * *
You feel sick. The adder bites you.
* * * LOW HITPOINT WARNING * * *
You are more poisoned.
The adder poisons you!
You hit the adder.
You kill the adder!
Your Crossbows skill increases to level 4!
You have reached level 4!
You feel agile.
You die...

###### #.##<##### #........#
#.#....### #.#######
#.#.....# #.#.###.#
#.#.#...#
###.#.#.####################
#...#......................#
#.#####.###@...###########.#
#####.# #.#
#.##.###########.#
#....)#####.#
#.#......##......#
#.#.........#
#.#......##.###..#
#.#.######### #.#......##.#
#..# ##.#.######
#.#......##.###..#
............
(>#..............#
####..######
###......######### ......#
#.......()...(....
#####.####
#รท################ #
#......# #.#


There were no monsters in sight!

Vanquished Creatures
  3 adders (D:2)
  A dart slug (D:1)
  2 giant cockroaches
  2 goblins
  9 hobgoblins
  2 jackals (D:2)
  5 bats
  6 frilled lizards
  5 kobolds
  2 rats
37 creatures vanquished.

Notes
Turn   | Place    | Note
-------+----------+-------------------------------------------
     0 | D:1      | sour the Centaur Arcane Marksman began the quest for the Orb.
     0 | D:1      | Reached XP level 1. HP: 16/16 MP: 2/2
   254 | D:1      | Reached XP level 2. HP: 23/23 MP: 3/3
   305 | D:1      | Reached skill level 3 in Crossbows
   702 | D:1      | Learned a level 2 spell: Slow
  1236 | D:2      | Reached XP level 3. HP: 15/28 MP: 4/4
  1541 | D:2      | Found a sacrificial altar of Ru.
  1874 | D:2      | HP: 1/28 [adder (3)]
  1875 | D:2      | Reached skill level 4 in Crossbows
  1875 | D:2      | Reached XP level 4. HP: 1/35 MP: 5/5
  1875 | D:2      | Succumbed to an adder's poison

Skill      XL: |  1  2  3 |
---------------+----------+-----
Crossbows      | 3 4 |  4.0
Hexes          | 3 |  3.3
Fighting       | |  1.0
Dodging        | |  1.3
Spellcasting   | |  1.0

Action                   |  1- 3 |  4- 6 || total
-------------------------+-------+-------++-------
Melee: Short sword       |    23 |       ||    23
       Kick              |     1 |       ||     1
 Fire: Hand crossbow     |    95 |       ||    95
  Eat: Chunk             |     2 |       ||     2
Armor: Leather armour    |    24 |       ||    24
Dodge: Dodged            |    41 |       ||    41
